 Dungeon Crawl Stone Soup version 0.24-a0-457-gaec7895 (webtiles) character file.

Game seed: 17625063264090907665

141 Spazmo the Magician (level 5, -2/28 HPs)
             Began as a Deep Elf Fire Elementalist on June 26, 2019.
             Slain by a gnoll
             ... wielding a +0 spear
              (10 damage)
             ... on level 3 of the Dungeon.
             The game lasted 00:07:01 (2211 turns).

Spazmo the Magician (Deep Elf Fire Elementalist)    Turns: 2211, Time: 00:07:02

Health: -2/28      AC:  4    Str:  5    XL:     5   Next: 3%
Magic:  0/14       EV: 13    Int: 21    God:
Gold:   99         SH:  0    Dex: 15    Spells: 3/13 levels left

rFire    . . .     SeeInvis +   g - +0 mace (protect)
rCold    . . .     Gourm    .   (no shield)
rNeg     . . .     Faith    .   a - +0 robe
rPois    .         Spirit   .   l - +0 helmet
rElec    .         Reflect  .   (no cloak)
rCorr    .         Harm     .   h - +0 pair of gloves
MR       .....                  (no boots)
Stlth    ++........             (no amulet)
HPRegen  0.09/turn              j - ring of see invisible
MPRegen  0.14/turn              (no ring)

@: no status effects
A: no striking features
a: no special abilities


You were on level 3 of the Dungeon.
You were not hungry.

You visited 1 branch of the dungeon, and saw 3 of its levels.

You collected 99 gold pieces.

Inventory:

Hand Weapons
 g - a +0 mace of protection (weapon)
Missiles
 m - 35 stones (quivered)
Armour
 a - a +0 robe (worn)
 h - a +0 pair of gloves (worn)
 l - a +0 helmet (worn)
Jewellery
 j - a ring of see invisible (left hand)
Wands
 o - a wand of scattershot (3)
Scrolls
 e - a scroll of amnesia {unknown}
 i - 3 scrolls of enchant weapon {unknown}
 p - a scroll of teleportation {unknown}
Potions
 b - 2 potions of lignification {unknown}
 d - 2 potions of haste {unknown}
 f - a potion of cancellation {unknown}
 k - a potion of heal wounds {unknown}
Comestibles
 c - a ration
 n - 3 chunks of flesh


   Skills:
 - Level 2.5 Dodging
 - Level 2.5 Stealth
 + Level 4.7 Spellcasting
 + Level 3.1 Conjurations
 + Level 4.4 Fire Magic


You had 3 spell levels left.
You knew the following spells:

 Your Spells              Type           Power        Failure   Level  Hunger
a - Flame Tongue          Conj/Fire      ###..        2%          1    None
b - Throw Flame           Conj/Fire      ###...       3%          2    #......
c - Conjure Flame         Conj/Fire      ###.....     7%          3    ##.....
d - Sticky Flame          Conj/Fire      ###.....     24%         4    ####...

Your spell library contained the following spells:

 Spells                   Type           Power        Failure   Level  Hunger
 Inner Flame              Hex/Fire       ##......     14%         3    ##.....
 Fireball                 Conj/Fire      ###.......   54%         5    ######.


Dungeon Overview and Level Annotations

Branches:
Dungeon (3/15)

Altars:


Message History

The flame tongue hits the gnoll.
The gnoll is severely wounded.
The gnoll hits you but does no damage.
Casting: Flame Tongue (safe; 2% risk of failure)
Confirm with . or Enter, or press ? or * to list all spells.
Aiming: Flame Tongue (safe; 2% risk of failure)
Press: ? - help, Shift-Dir - straight line, f/p - gnoll
Aim: a gnoll, wielding a +0 spear and wearing a +0 chain mail (severely wounded)
The flame tongue hits the gnoll.
The gnoll is severely wounded.
The gnoll misses you.
Casting: Flame Tongue (safe; 2% risk of failure)
Confirm with . or Enter, or press ? or * to list all spells.
Aiming: Flame Tongue (safe; 2% risk of failure)
Press: ? - help, Shift-Dir - straight line, f/p - gnoll
Aim: a gnoll, wielding a +0 spear and wearing a +0 chain mail (severely wounded)
The flame tongue hits the gnoll but does no damage.
The gnoll is severely wounded.
The gnoll hits you from afar with a +0 spear!
You die...

##################
..........#......#
.............###.#
#'#######.#..<.#.# ###
†..######.#..#.#.# #..
..........#..#.#.# #.#
..........#..#.#g###### #.#
....#####....#.#......# #.#
....# #......#@.....# #.# ....#
#......#......+ #.# ....#
#......#......# #.#
#+#.#####......#......# #.#
#..............#'#### #.#
#..............#.# #.#
##.........##..#.############.#
.)........'.............).÷.>.
#..........###.#########.######


You could see a gnoll.

Vanquished Creatures
  Robin (D:2)
  A gnoll (D:3)
  3 adders (D:2)
  An ooze (D:1)
  An adder skeleton (D:3)
  2 worms
  A dart slug (D:3)
  4 leopard geckos
  An orc (D:2)
  A ball python (D:3)
  5 giant cockroaches
  18 goblins
  6 hobgoblins
  5 kobolds
  8 bats
  5 frilled lizards
  9 rats
72 creatures vanquished.

Notes
Turn   | Place    | Note
-------+----------+-------------------------------------------
     0 | D:1      | Spazmo the Deep Elf Fire Elementalist began the quest for
                  | the Orb.
     0 | D:1      | Reached XP level 1. HP: 10/10 MP: 6/6
    89 | D:1      | Reached XP level 2. HP: 15/15 MP: 1/8
    93 | D:1      | Learned a level 2 spell: Throw Flame
   736 | D:1      | Reached XP level 3. HP: 13/19 MP: 0/10
   741 | D:1      | Learned a level 3 spell: Conjure Flame
  1215 | D:2      | Noticed Robin
  1240 | D:2      | Reached XP level 4. HP: 24/24 MP: 4/12
  1249 | D:2      | Learned a level 4 spell: Sticky Flame
  1450 | D:2      | Killed Robin
  2175 | D:3      | Reached XP level 5. HP: 18/28 MP: 3/14
  2211 | D:3      | Slain by a gnoll

Levels and vault maps discovered:
D:1:      dpeg_arrival_rooms_with_view, layout_loops_cross,
          columned_hall_lemuel, hangedman_decor_points, minmay_misc_feat_x
D:2:      layout_loops_corners, kennysheep_generic_room_15, uniq_robin
D:3:      layout_basic, first_ration, st_stairs_6, kennysheep_generic_room_11,
          uniq_grinder

Skill      XL: |  1  2  3  4 |
---------------+-------------+-----
Conjurations   | 2 3 |  3.1
Spellcasting   | 4 |  4.7
Fire Magic     | 4 |  4.4
Dodging        | |  2.5
Stealth        | |  2.5

Action                   |  1- 3 |  4- 6 || total
-------------------------+-------+-------++-------
Melee: Mace              |       |     3 ||     3
Throw: Stone             |     1 |       ||     1
 Cast: Flame Tongue      |    77 |    72 ||   149
       Throw Flame       |     2 |     3 ||     5
  Eat: Chunk             |     1 |     3 ||     4
Armor: Robe              |     4 |     5 ||     9
Dodge: Dodged            |    14 |    14 ||    28

Table legend:
 A = Non-vault XP
 B = Vault XP
 C = Vault XP percentage of total XP
 D = Non-vault monster count
 E = Vault monster count
 F = Vault count percentage of total count
                 A         B        C        D         E       F
            +---------+---------+-------+---------+---------+-------
      Total |     157 |      45 |  22.3 |      54 |      18 |  25.0
            +---------+---------+-------+---------+---------+-------
        D:1 |      39 |       4 |   9.3 |      21 |       2 |   8.7
        D:2 |      72 |      38 |  34.5 |      18 |      14 |  43.8
        D:3 |      46 |       3 |   6.1 |      15 |       2 |  11.8
            +---------+---------+-------+---------+---------+-------
